Map: Nightshade LE

Players

SpeCial

  • Race: Terran Terran
  • League: Master
  • Spawn Location: 11:00

TYTY (TY) - Winner!

  • Race: Terran Terran
  • League: Grandmaster
  • Spawn Location: 5:00

Event: Shopify TSL 5

VOD

Have the link to the VOD?

Description

Time

  • Played on: May 30, 2020, 9:47 a.m.
  • Length: 8:35

All games in this series

Show
View Real Time Build Order
Export as new Build Order

SpeCial Terran 

Build Orders:  

Get SALT Encoding   

  12  0:00  SCV  
  13  0:13  SCV  
  14  0:17  Supply Depot  
  14  0:25  SCV  
  15  0:39  SCV  
  15  0:40  Barracks  
  16  0:45  Refinery  
  16  0:51  SCV  
  17  1:03  Barracks  
  17  1:05  SCV  
  18  1:11  Refinery  
  18  1:17  SCV  
  19  1:24  Supply Depot  
  19  1:29  Reaper  
  20  1:43  Orbital Command  
  20  1:49  Reaper  
  21  2:01  Factory  
  21  2:08  Reaper  
  21  2:11  SCV  
  23  2:21  Reaper  
  24  2:23  SCV  
  25  2:35  SCV  
  26  2:46  Starport  
  26  2:48  SCV  
  27  2:54  Barracks Reactor  
  27  2:56  Factory Tech Lab  
  27  3:00  SCV  
  29  3:15  Supply Depot  
  29  3:17  Siege Tank  
  31  3:32  Supply Depot  
  31  3:36  Viking, SCV, Marine x2  
  36  3:48  SCV  
  36  3:53  Siege Tank  
  36  3:54  Marine x2  
  42  3:57  Supply Depot  
  42  4:00  SCV  
  43  4:06  Viking  
  45  4:12  Marine x2  
  47  4:28  Siege Tank  
  47  4:29  Marine x2  
  47  4:30  SCV  
  53  4:33  Supply Depot  
  53  4:41  Viking  
  55  4:54  Marine x2  
  55  4:55  SCV  
  57  5:04  Siege Tank  
  59  5:10  SCV  
  59  5:12  Marine x2  
  62  5:26  Viking  
  62  5:30  Marine x2  
  62  5:32  SCV  
  62  5:47  Supply Depot  
  62  5:48  Marine  
  63  6:08  Marine x2  
  63  6:09  Siege Tank  
  63  6:10  Liberator  
  71  6:15  SCV  
  68  6:26  Marine x2  
  68  6:28  SCV  
  71  6:40  Supply Depot  
  71  6:48  Marine x2  
  71  6:52  SCV  
  68  7:06  Marine x2, Siege Tank  
  70  7:18  SCV  
  67  7:24  Marine x2  
  61  7:30  SCV  
  60  7:38  Siege Tank  
  60  7:41  Marine  
  60  7:42  Marine  
  56  7:55  Viking  
  51  7:59  Marine  
  51  8:00  Marine  
  56  8:13  SCV  
Show
View Real Time Build Order
Export as new Build Order

TYTY Terran - Winner!

Build Orders: 1/1/1 

Get SALT Encoding   

  12  0:00  SCV  
  13  0:12  SCV  
  14  0:17  Supply Depot  
  14  0:24  SCV  
  14  0:28  Refinery  
  15  0:38  SCV  
  16  0:43  Barracks  
  16  0:50  SCV  
  16  0:56  Refinery  
  17  1:03  SCV  
  18  1:15  SCV  
  19  1:32  Orbital Command  
  19  1:33  Factory  
  19  1:35  Reaper  
  20  1:46  Supply Depot  
  20  1:58  SCV  
  21  2:07  Barracks Reactor  
  21  2:10  SCV  
  22  2:17  Hellion  
  22  2:19  Starport  
  22  2:22  SCV  
  25  2:26  Supply Depot  
  25  2:38  Hellion  
  25  2:43  Marine x2  
  32  2:58  Medivac  
  32  2:59  Hellion  
  32  3:01  Reaper x2  
  35  3:09  Supply Depot  
  35  3:21  Hellion  
  35  3:26  SCV  
  38  3:29  Starport Tech Lab  
  38  3:33  Reaper x2  
  40  3:38  SCV  
  41  3:42  Hellion  
  41  3:46  Supply Depot  
  43  3:49  Raven  
  45  4:08  Command Center  
  45  4:09  Factory Tech Lab  
  45  4:11  SCV  
  46  4:17  Marine  
  46  4:18  Marine  
  48  4:24  Supply Depot  
  48  4:26  SCV  
  49  4:32  Raven  
  49  4:38  SCV  
  52  4:43  Siege Tank  
  55  4:47  Marine x2  
  55  4:51  SCV  
  54  5:03  SCV  
  55  5:15  SCV, Refinery  
  55  5:16  Siege Tank  
  57  5:27  SCV  
  56  5:30  Viking  
  56  5:34  Marine  
  57  5:39  Orbital Command  
  57  5:41  SCV  
  57  5:52  Marine, Siege Tank  
  57  5:54  Viking  
  57  5:55  SCV  
  62  6:03  Viking  
  64  6:05  SCV  
  64  6:07  Orbital Command  
  64  6:10  SCV  
  67  6:24  Viking  
  69  6:29  Supply Depot x2  
  67  6:33  Viking  
  69  6:43  Siege Tank  
  69  6:46  SCV  
  68  6:54  SCV  
  68  6:58  SCV  
  68  7:01  Viking  
  72  7:08  SCV  
  73  7:10  SCV  
  74  7:20  SCV  
  74  7:22  SCV  
  65  7:30  Siege Tank  
  65  7:32  SCV, Viking x2  
  74  7:37  SCV  
  74  7:44  SCV, Marine  
  70  8:00  Command Center  
  70  8:02  Viking x2  
  70  8:05  Marine  
  75  8:10  Refinery  
  78  8:15  SCV x2  
Tags
 
Add a new tag
Caveats
  • Supply blocks, unpowered buildings, or Contaminate may cause inaccurate times.
  • Supply counts are checked every 10 seconds.